 Dungeon Crawl Stone Soup version 0.31.0-11-ge490571c62 (webtiles) character file.

Game seed: 999511253482855869

63459 pussy the Severer (level 14, -5/135 HPs)
             Began as a Minotaur Fighter on Feb 4, 2024.
             Was a High Priest of Okawaru.
             Slain by Saint Roka
             ... wielding a +2 great sword of protection
              (54 damage)
             ... on level 2 of the Orcish Mines.
             The game lasted 00:52:05 (27891 turns).

pussy the Severer (Minotaur Fighter)               Turns: 27891, Time: 00:52:06

Health: -5/135     AC: 25    Str: 29    XL:     14   Next: 68%
Magic:  3/13       EV: 13    Int:  5    God:    Okawaru [*****.]
Gold:   1909       SH: 16    Dex: 16    Spells: 13/13 levels left

rFire   . . .        X - +1 broad axe (vamp)
rCold   + . .        U - +4 kite shield
rNeg    + + +        Y - +0 plate armour "Inoit" {rPois rF- rC+ rN+++}
rPois   +            L - +2 hat
rElec   .            V - scarf {shadows}
rCorr   .            m - +3 Mad Mage's Maulers {Infuse+∞ VampMP -Cast}
SInv    .            i - +0 pair of boots
Will    .....        I - amulet of magic regeneration Stlth
                     C - ring of protection from fire
HPRegen 0.42/turn    J - ring of Peclesif {rPois Will- Str+5 Dex+4}
MPRegen 0.53/turn

%: no spellcasting, infuse magic (3 MP)
@: studying 2 skills
A: horns 2, retaliatory headbutt
a: Renounce Religion, Heroism, Finesse, Duel


You were on level 2 of the Orcish Mines.
You worshipped Okawaru.
Okawaru was extremely pleased with you.
You visited 4 branches of the dungeon, and saw 22 of its levels.
You also visited: Gauntlet.

You collected 1909 gold pieces.

Inventory:

Hand Weapons
 O - the +6 battleaxe of Distraction {flame, Dex+4}
   (You took it off a minotaur in a Gauntlet)

   Dex+4:     It affects your dexterity (+4).
 X - a +1 vampiric broad axe (weapon)
Missiles
 x - 4 throwing nets (quivered)
 M - 8 atropa-tipped darts
 P - 9 silver javelins
 W - 6 javelins
Armour
 i - a +0 pair of boots (worn)
 m - the +3 Mad Mage's Maulers (worn) {Infuse+∞ VampMP -Cast}
   (You acquired it on level 3 of the Dungeon)

   Infuse+∞: It empowers its wearer's blows with all of their magic.
   VampMP:    Blows struck in melee replenish the wearer's magic.
   -Cast:     It prevents spellcasting.
 L - a +2 hat (worn)
 U - a +4 kite shield (worn)
 V - a scarf of shadows (worn)
 Y - the +0 plate armour "Inoit" (worn) {rPois rF- rC+ rN+++}
   (Okawaru gifted it to you on level 1 of the Lair of Beasts)

   rF-:       It makes you vulnerable to fire.
   rC+:       It protects you from cold.
   rPois:     It protects you from poison rN+++: It renders you almost immune to
   negative energy.
Jewellery
 e - a ring of poison resistance
 C - a ring of protection from fire (left hand)
 G - the ring of the Butterfly {Int+6 SInv}
   (You found it in a Gauntlet)

   [ring of intelligence]

   Int+6:     It affects your intelligence (+6).
   SInv:      It lets you see invisible.
 H - a ring of willpower
 I - an amulet of magic regeneration (around neck)
 J - the ring of Peclesif (right hand) {rPois Will- Str+5 Dex+4}
   (You took it off a minotaur in a Gauntlet)

   [ring of poison resistance]

   Str+5:     It affects your strength (+5).
   Dex+4:     It affects your dexterity (+4).
   rPois:     It protects you from poison Will-: It decreases your willpower.
 Z - a +5 ring of evasion
Wands
 c - a wand of quicksilver (2)
 s - a wand of roots (43)
 B - a wand of polymorph (10)
 T - a wand of paralysis (2)
Scrolls
 b - 2 scrolls of fear
 d - a scroll of amnesia
 g - 7 scrolls of poison
 y - 4 scrolls of fog
 z - 2 scrolls of teleportation
 S - 8 scrolls of identify
Potions
 a - a potion of lignification
 j - 3 potions of mutation
 k - 10 potions of curing
 p - 2 potions of invisibility
 q - a potion of cancellation
 t - 3 potions of resistance
 u - 2 potions of magic
 v - 3 potions of attraction
 w - 3 potions of enlightenment
 K - 3 potions of haste
 Q - 2 potions of might


   Skills:
 + Level 15.6 Fighting
 - Level 18.0 Axes
 + Level 14.9 Armour
 + Level 12.0 Dodging
 - Level 11.0 Shields


You had 13 spell levels left.
You didn't know any spells.
Your spell library contained the following spells:

 Spells                   Type           Power      Damage    Failure   Level
 Apportation              Tloc           0%         N/A       99%         1
 Foxfire                  Conj/Fire      0%         2x1d4     99%         1
 Freeze                   Ice            0%         1d3       99%         1
 Necrotise                Necr           0%         1d4       99%         1
 Shock                    Conj/Air       0%         1d3       99%         1
 Sting                    Conj/Alch      0%         1d3       99%         1
 Lesser Beckoning         Tloc           0%         N/A       100%        2
 Mercury Vapours          Alch/Air       0%         N/A       100%        2
 Sublimation of Blood     Necr           0%         N/A       100%        2
 Frozen Ramparts          Ice            0%         1d1       100%        3
 Gell's Gravitas          Tloc           0%         N/A       100%        3
 Hailstorm                Conj/Ice       0%         3d5       100%        3
 Ozocubu's Armour         Ice            0%         N/A       100%        3
 Teleport Other           Tloc           0%         N/A       100%        3
 Dimensional Bullseye     Hex/Tloc       0%         N/A       100%        4
 Iskenderun's Mystic Bla  Conj/Tloc      0%         2d3       100%        4
 Leda's Liquefaction      Alch/Erth      0%         N/A       100%        4
 Passage of Golubria      Tloc           0%         N/A       100%        4
 Petrify                  Alch/Erth      0%         N/A       100%        4
 Vhi's Electric Charge    Tloc/Air       0%         N/A       100%        4
 Arcjolt                  Conj/Air       0%         1d10      100%        5
 Freezing Cloud           Conj/Ice/Air   0%         6-21      100%        5
 Irradiate                Conj/Alch      0%         3d11      100%        5
 Metabolic Englaciation   Hex/Ice        0%         N/A       100%        5
 Silence                  Hex/Air        0%         N/A       100%        5
 Plasma Beam              Fire/Air       0%         2x1d10    100%        6
 Starburst                Conj/Fire      0%         6d3       100%        6
 Lehudib's Crystal Spear  Conj/Erth      0%         10d2      100%        8
 Summon Small Mammal      Summ           Unusable   N/A       N/A         1
 Tukima's Dance           Hex            Unusable   N/A       N/A         3
 Death Channel            Necr           Unusable   N/A       N/A         6
 Sculpt Simulacrum        Ice/Alch       Unusable   N/A       N/A         6

Dungeon Overview and Level Annotations

Branches:
Dungeon (14/15)            Temple (1/1) D:7            Lair (5/5) D:10
 Shoals (0/4) Lair:2        Snake (0/4) Lair:2        Slime (0/5) Lair:5
    Orc (2/2) D:10            Elf (0/3) Orc:2       Gauntlet (visited)
 Vaults: D:13-14

Altars:
Ashenzari
Cheibriados
Dithmenos
Elyvilon
Fedhas
Gozag
Hepliaklqana
Kikubaaqudgha
Makhleb
Nemelex Xobeh
Okawaru
Qazlal
Ru
Sif Muna
Trog
Uskayaw
Vehumet
Wu Jian
Xom
Yredelemnul
Zin
The Shining One
Lugonu

Shops:
Orc:2 [*[

Portals:
Abyss: Lair:5

Annotations:
Lair:2 3 runed translucent doors, 7tar4e's ghost, journeyman VSFi
Orc:2 Saint Roka


Innate Abilities, Weirdness & Mutations

You have a pair of horns on your head.
You reflexively headbutt those who attack you in melee.


Message History

You hit Saint Roka but do no damage.
Saint Roka is lightly wounded.
You completely miss the orc priest. You slash the orc warrior!
You feel better.
The orc priest miscasts a cantrip.
You slice Saint Roka!! You headbutt Saint Roka!
Saint Roka is moderately wounded.
You slash the orc warrior!
You feel better.
You slash the orc priest!
You kill the orc priest!
Okawaru accepts your kill.
The orc warrior hits you but does no damage.
Saint Roka invokes the aid of Beogh against you.
Beogh smites you!
The kobold blastminer shoots an arrow.
You block the arrow.
You completely miss Saint Roka. You headbutt Saint Roka!
Saint Roka is moderately wounded.
You hit the orc warrior but do no damage.
The orc warrior closely misses you. You furiously retaliate!
You headbutt the orc warrior.
You kill the orc warrior!
Okawaru accepts your kill.
Saint Roka mumbles some strange prayers to Beogh against you.
Beogh smites you!
The kobold blastminer shoots an arrow.
The arrow hits you but does no damage.
You slice Saint Roka!!
You feel better.
Saint Roka is moderately wounded.
Saint Roka calls down the wrath of Beogh upon you.
Beogh smites you!
You cut Saint Roka into ribbons!!! You headbutt Saint Roka!
Saint Roka is severely wounded.
The kobold blastminer shoots an arrow.
You block the arrow.
You slice Saint Roka!!
Saint Roka is severely wounded.
Saint Roka hits you with a +2 great sword of protection!!!
The kobold blastminer blasts its cannon at you.
The iron shot hits you!
You hear a shout! x3
You slice Saint Roka!!
Saint Roka is almost dead.
Saint Roka hits you with a +2 great sword of protection!!!
You die...
Saint Roka roars, "Praise to Beogh!"

.............#####...###..# .#...
...........### ###..#...#......
..........# ∩..... ##....###.....
))........# 8...8 #).).##......
<)....#..#####...#####.).........
)).......#...#...#. #..)..).....
.........# ..'...' #..)........
.........# #.)o# #.......)...
.........# #)8@# #.....##)...
.........# #K))# #......))...
.........#...'...+ #...........
.........#...#...# #...........
.........#####..)## #..........)
.........## #8.))8# ##...........
..........###.....###............
............##'))##..............
..........#......................


You could see Saint Roka (strong) and a kobold blastminer.

Vanquished Creatures
  Gastronok (D:10)
  The ghost of FlatIsJustice the Cleaver, a journeyman FoFi of the Shining One (Lair:5)
  A minotaur (Gauntlet)
  Fannar (Lair:3)
  2 hydras
  An ogre mage (D:12)
  A catoblepas (D:13)
  A ghost crab (Gauntlet)
  3 centaur warriors
  2 two-headed ogres
  An orc high priest (Orc:2)
  3 thrashing horrors (Lair:5)
  2 skysharks
  4 skeletal warriors
  An orc knight (Orc:2)
  An oklob plant (Lair:5)
  4 cyclopes
  4 ugly things
  4 black mambas
  A black mamba (shapeshifter) (Lair:5)
  2 kobold blastminers (Orc:2)
  7 elephants
  A water nymph (Lair:2)
  A large abomination (Lair:5)
  3 gargoyles
  14 cane toads
  2 smoke demons (Lair:5)
  Jeremiah (Lair:1)
  7 komodo dragons
  2 kobold demonologists
  An ice devil (Gauntlet)
  2 rime drakes (Lair:5)
  Psyche (D:9)
  6 trolls
  A merfolk (Lair:2)
  A wind drake (shapeshifter) (D:12)
  A polar bear (Lair:5)
  A raiju (shapeshifter) (Lair:5)
  3 raiju
  28 blink frogs
  A dream sheep (Lair:3)
  9 slime creatures
  Sigmund (D:2)
  2 spriggans (Lair:5)
  3 wraiths
  3 vampires
  7 wyverns
  8 small abominations (Lair:5)
  3 wargs
  2 steam dragons
  6 basilisks
  A death yak simulacrum (Lair:5)
  26 yaks
  2 chaos spawn (Lair:5)
  4 nagas (Lair:2)
  2 acid dragons
  17 water moccasins
  A swamp drake (D:10)
  An ice beast (D:7)
  31 orc warriors
  A boulder beetle simulacrum (Lair:5)
  A black mamba simulacrum (Lair:5)
  3 ogres
  4 black bears
  4 laughing skulls (D:13)
  2 sky beasts
  A hornet zombie (D:5)
  2 centaurs (D:9)
  3 wolves (Lair:2)
  The ghost of Ashen the Sneak, an amateur GnEn (D:3)
  A phantom (D:5)
  3 kobold brigands
  13 bullfrogs
  2 gnoll sergeants
  2 cane toad simulacra (Lair:5)
  6 scorpions
  A water moccasin skeleton (D:5)
  8 wights
  A dream sheep simulacrum (Lair:5)
  17 killer bees
  3 electric eels
  2 howler monkeys (D:12)
  2 komodo dragon simulacra (Lair:5)
  A gnoll bouda (D:6)
  A centaur skeleton (D:5)
  4 jellies
  4 bombardier beetles
  17 orc priests
  6 hounds
  Jessica (D:3)
  2 iguanas
  Natasha (thrice) (D:3)
  16 orc wizards
  7 hell rats (Lair:2)
  2 scorpion zombies (D:5)
  A killer bee zombie (D:5)
  2 hound zombies (D:5)
  2 howler monkey zombies (D:5)
  11 adders
  20 gnolls
  A shadow imp (D:5)
  4 white imps
  2 ufetubi (D:5)
  2 ribbon worms
  71 orcs
  5 ball pythons
  5 endoplasms
  7 giant cockroaches
  4 hobgoblins
  2 jackals (D:3)
  18 kobolds
  4 quokkas
  2 bats
  3 frilled lizards
  9 goblins
  3 rats
579 creatures vanquished.

Notes
Turn   | Place    | Note
-------+----------+-------------------------------------------
     0 | D:1      | pussy the Minotaur Fighter began the quest for the Orb.
     0 | D:1      | Reached XP level 1. HP: 19/19 MP: 0/0
    46 | D:1      | Found a faded altar of an unknown god.
   312 | D:1      | Reached skill level 3 in Axes
   312 | D:1      | Reached XP level 2. HP: 25/27 MP: 1/1
   646 | D:2      | Reached XP level 3. HP: 3/33 MP: 2/2
   853 | D:2      | Reached skill level 4 in Axes
   878 | D:2      | Reached XP level 4. HP: 39/40 MP: 3/3
  1096 | D:2      | Noticed Sigmund
  1116 | D:2      | Killed Sigmund
  1117 | D:2      | Reached skill level 5 in Fighting
  1117 | D:2      | Reached skill level 5 in Axes
  1117 | D:2      | Reached skill level 5 in Armour
  1117 | D:2      | Reached XP level 5. HP: 21/48 MP: 4/4
  1117 | D:2      | Reached XP level 6. HP: 24/56 MP: 5/5
  1541 | D:3      | Identified a scroll of acquirement
  1541 | D:3      | Acquired the +3 Mad Mage's Maulers {Infuse+∞ VampMP -Cast}
  1541 | D:3      | Found the +3 Mad Mage's Maulers {Infuse+∞ VampMP -Cast}
  2042 | D:3      | Reached skill level 6 in Axes
  2111 | D:3      | Noticed Jessica
  2112 | D:3      | Noticed Natasha
  2118 | D:3      | Killed Jessica
  2120 | D:3      | Killed Natasha
  2362 | D:3      | Noticed Natasha
  2367 | D:3      | Killed Natasha
  2397 | D:3      | Noticed Natasha
  2408 | D:3      | Killed Natasha
  2535 | D:3      | Found an ornate altar of the Wu Jian Council.
  2543 | D:3      | Found a shimmering blue altar of Sif Muna.
  2550 | D:3      | Found a shadowy altar of Dithmenos.
  2557 | D:3      | Found a white marble altar of Elyvilon.
  2565 | D:3      | Found a shimmering altar of Xom.
  2573 | D:3      | Found a sparkling altar of Nemelex Xobeh.
  2578 | D:3      | Found an opulent altar of Gozag.
  2764 | D:3      | Found a runed translucent door.
  2765 | D:3      | Noticed Ashen's ghost (amateur GnEn)
  2806 | D:3      | Killed Ashen's ghost
  2807 | D:3      | Reached XP level 7. HP: 62/62 MP: 1/6
  3388 | D:4      | Reached skill level 7 in Axes
  4059 | D:5      | Entered Level 5 of the Dungeon
  4232 | D:5      | Reached skill level 8 in Axes
  4404 | D:5      | Reached XP level 8. HP: 71/71 MP: 2/7
  4652 | D:5      | Reached skill level 5 in Shields
  4953 | D:5      | Reached skill level 9 in Axes
  5503 | D:6      | Identified the +0 leather armour "Plog" {Rampage ^Drain
                  | rElec Str+4}
  5513 | D:6      | Noticed a kobold demonologist
  5524 | D:6      | Noticed an orange demon
  5524 | D:6      | Killed a kobold demonologist
  5532 | D:6      | Noticed a gargoyle
  5729 | D:6      | Killed a gargoyle
  5730 | D:6      | Reached skill level 10 in Axes
  5730 | D:6      | Reached XP level 9. HP: 69/81 MP: 2/8
  5798 | D:6      | Identified the +2 robe of a wizard's laboratory {+Inv rF+
                  | rC+ Regen+}
  5879 | D:6      | Got Vonlipta's Compendium of Zombies and Voltage
  6534 | D:7      | Reached skill level 10 in Shields
  6754 | D:7      | Found a staircase to the Ecumenical Temple.
  6770 | Temple   | Entered the Ecumenical Temple
  6778 | Temple   | Became a worshipper of Warmaster Okawaru
  7229 | D:7      | Found a faded altar of an unknown god.
  7231 | D:7      | Found a faded altar of an unknown god.
  7231 | D:7      | Found a hazy altar of Hepliaklqana.
  7715 | D:7      | Reached skill level 11 in Axes
  8576 | D:8      | Reached * piety under Okawaru
  8911 | D:8      | Reached XP level 10. HP: 52/90 MP: 1/9
  9322 | D:9      | Reached skill level 12 in Axes
  9505 | D:9      | Reached ** piety under Okawaru
  9506 | D:9      | Reached skill level 1 in Dodging
 10424 | D:9      | Noticed Psyche
 10430 | D:9      | Killed Psyche
 10430 | D:9      | Reached *** piety under Okawaru
 10651 | D:10     | Entered Level 10 of the Dungeon
 10763 | D:10     | Noticed a two-headed ogre
 10773 | D:10     | Killed a two-headed ogre
 10774 | D:10     | Reached skill level 10 in Fighting
 10774 | D:10     | Reached skill level 13 in Axes
 10784 | D:10     | Reached **** piety under Okawaru
 10845 | D:10     | Noticed Gastronok
 11141 | D:10     | Noticed an elephant
 11150 | D:10     | Killed an elephant
 11151 | D:10     | Reached XP level 11. HP: 81/100 MP: 2/10
 11235 | D:10     | Found a staircase to the Lair.
 11339 | D:10     | Killed Gastronok
 11339 | D:10     | Reached ***** piety under Okawaru
 11448 | D:10     | Found a glowing golden altar of the Shining One.
 11593 | D:10     | Found a staircase to the Orcish Mines.
 11870 | D:10     | Reached skill level 14 in Axes
 12398 | D:11     | Reached skill level 5 in Dodging
 12489 | D:11     | Received a gift from Okawaru
 12651 | D:11     | Found a gate leading to a gauntlet.
 12686 | Gauntlet | Entered a Gauntlet
 12686 | Gauntlet | Found a transporter.
 12729 | Gauntlet | Found a transporter.
 12730 | Gauntlet | Found a transporter.
 12731 | Gauntlet | Noticed an arcanist
 12743 | Gauntlet | Found a transporter.
 12745 | Gauntlet | Found a transporter.
 12747 | Gauntlet | Noticed a ghost crab
 12750 | Gauntlet | Noticed an arcanist
 12750 | Gauntlet | Noticed an occultist
 12757 | Gauntlet | Found a transporter.
 12771 | Gauntlet | Found a runed translucent door.
 12773 | Gauntlet | Found a transporter.
 12775 | Gauntlet | Found a runed translucent door.
 12782 | Gauntlet | Found a runed translucent door.
 12782 | Gauntlet | Noticed a reaper
 12783 | Gauntlet | Found a transporter.
 12784 | Gauntlet | Found a runed translucent door.
 12793 | Gauntlet | Found a transporter.
 12793 | Gauntlet | Noticed a ghost crab
 12810 | Gauntlet | Found a transporter.
 12810 | Gauntlet | Found a runed translucent door.
 12817 | Gauntlet | Found a transporter.
 12821 | Gauntlet | Found a transporter.
 12922 | Gauntlet | Found a transporter.
 12922 | Gauntlet | Found a transporter.
 13507 | Gauntlet | Identified the +0 spear of Rafolid {protect, rPois Will+++
                  | rCorr Str-5}
 13527 | Gauntlet | Killed a ghost crab
 13538 | Gauntlet | Identified the ring of the Butterfly {Int+6 SInv}
 13588 | Gauntlet | Identified the +6 battleaxe of Distraction {flame, Dex+4}
 13588 | Gauntlet | Identified the ring of Peclesif {rPois Will- Str+5 Dex+4}
 13588 | Gauntlet | Noticed a minotaur
 13593 | Gauntlet | Killed a minotaur
 13593 | Gauntlet | Received a gift from Okawaru
 13594 | Gauntlet | Reached skill level 10 in Armour
 13899 | D:11     | Noticed a centaur warrior
 13903 | D:11     | Killed a centaur warrior
 14198 | D:12     | Reached skill level 15 in Axes
 14264 | Lair:1   | Entered Level 1 of the Lair of Beasts
 14359 | Lair:1   | Noticed Jeremiah
 14440 | D:10     | Received a gift from Okawaru
 14652 | Lair:1   | Reached XP level 12. HP: 110/110 MP: 5/11
 14708 | Lair:1   | Killed Jeremiah
 15065 | Lair:1   | Identified the +4 chain mail of Yddy {rElec Will+++ MP-9
                  | Int-2}
 15727 | Lair:2   | Reached ****** piety under Okawaru
 15727 | Lair:2   | Received a gift from Okawaru
 15812 | Lair:1   | Acquired a +1 broad axe of freezing
 15812 | Lair:1   | Received a gift from Okawaru
 15815 | Lair:1   | Acquired the +0 plate armour "Inoit" {rPois rF- rC+ rN+++}
 15815 | Lair:1   | Received a gift from Okawaru
 16166 | Lair:2   | Reached skill level 16 in Axes
 16446 | Lair:2   | Found a staircase to the Snake Pit.
 16825 | Lair:2   | Received a gift from Okawaru
 16978 | Lair:2   | Found a runed translucent gate.
 16978 | Lair:2   | Noticed an 11-headed hydra
 16979 | Lair:2   | Found a runed translucent gate.
 16981 | Lair:2   | Found a runed translucent gate.
 16981 | Lair:2   | Noticed 7tar4e's ghost (journeyman VSFi)
 18063 | Lair:3   | Noticed Fannar
 18072 | Lair:3   | Killed Fannar
 18496 | Lair:3   | Received a gift from Okawaru
 18501 | Lair:3   | Reached XP level 13. HP: 109/122 MP: 1/12
 21049 | Lair:5   | Entered Level 5 of the Lair of Beasts
 21053 | Lair:5   | Received a gift from Okawaru
 21133 | Lair:5   | Found a staircase to the Slime Pits.
 21481 | Lair:5   | Received a gift from Okawaru
 21650 | Lair:5   | Found a runed translucent gate.
 21650 | Lair:5   | Found a runed translucent gate.
 21650 | Lair:5   | Found a runed translucent gate.
 21804 | Lair:5   | Reached skill level 10 in Dodging
 22044 | Lair:5   | Noticed FlatIsJustice's ghost (journeyman FoFi)
 22329 | Lair:5   | Received a gift from Okawaru
 22670 | Lair:5   | Reached skill level 17 in Axes
 22799 | Lair:5   | Received a gift from Okawaru
 22832 | Lair:5   | Reached XP level 14. HP: 78/133 MP: 2/13
 22979 | Lair:5   | Found a corrupted altar of Lugonu.
 22979 | Lair:5   | Found a one-way gate to the infinite horrors of the Abyss.
 23407 | Lair:5   | Killed FlatIsJustice's ghost
 23427 | Lair:5   | Received a gift from Okawaru
 25175 | D:12     | Reached skill level 15 in Fighting
 25767 | D:13     | Received a gift from Okawaru
 26943 | Orc:1    | Entered Level 1 of the Orcish Mines
 27237 | Orc:2    | Entered Level 2 of the Orcish Mines
 27238 | Orc:2    | Found a staircase to the Elven Halls.
 27330 | Orc:2    | Found Pogine's General Store.
 27654 | Orc:2    | Found Rowkapn's Antique Armour Emporium.
 27862 | Orc:2    | Noticed Saint Roka
 27876 | Orc:2    | Reached skill level 18 in Axes
 27877 | Orc:2    | Found Raotergh's Antique Armour Emporium.
 27891 | Orc:2    | Slain by Saint Roka

Illustrated notes

Levels and vault maps discovered:
D:1:      roderic_chinese_lattice_arrival, layout_loops_ring,
          ebering_ecumenical_altar_ruins
D:2:      layout_loops_cross, st_stairs_14, kennysheep_pointless_box,
          uniq_sigmund
D:3:      layout_loops_ring, grunt_temple_overflow_octagram,
          ebering_ghost_sewer_d, hangedman_decor_slide_cut,
          wander_ebering_terrifying_dragon_lair, uniq_natasha, uniq_jessica
D:4:      layout_basic
D:5:      layout_loops_ring, serial_undead, serial_undead_b, serial_undead_c,
          serial_undead_f, serial_undead_a, serial_undead_b
D:6:      cheibrodos_quashed, layout_rooms, minmay_manual_mess
D:7:      layout_layer_cave, nicolae_hepliaklqana_ecumenical_no_more,
          temple_statues, palyth_stone_intersect, nrook_mini_backslash
D:8:      layout_rooms
D:9:      layout_roguey, uniq_psyche
D:10:     layout_roguey, tso_altar, grunt_lair_entry_orc_guard_hut, erik_orc_1,
          enter_bailey_5, minmay_statues_item, uniq_gastronok
D:11:     layout_roguey, gauntlet_entry_generic
D:12:     minmay_blocky_corners, layout_long_grid
D:13:     layout_rooms, serial_glass, glass_columns_a, glass_columns_a
D:14:     layout_rooms, david_vaults_3, kennysheep_big_empty_room, st_stairs_8,
          amcnicky_mini_rare_corridor_liquid
Temple:   hellmonk_temple_forest_ring
Lair:1:   layout_misc_corridors, serial_bayou_shore_b, serial_bayou_shore_b,
          uniq_jeremiah
Lair:2:   layout_layer_cave, nicolae_shoals_entry_flooding,
          minmay_snake_entry_guardpost_small, gammafunk_ghost_hydra_chop,
          chequers_serial_rivers_small_a, grunt_megastairs_3
Lair:3:   layout_hall_layers, serial_bayou_shore_a, wad_woods_river_01,
          uniq_fannar
Lair:4:   layout_cellular_growth, cheibrodos_lair_reptile_den
Lair:5:   hellmonk_lair_end_abyssal_woods, layout_gridlike,
          minmay_slime_entry_pillars, gammafunk_ghost_icy, fungi_pond_lemuel
Orc:1:    layout_caves, basic_altar, uniq_snorg
Orc:2:    grunt_orc_community_town_hall, layout_caves,
          grunt_orc_community_big_house_2, grunt_orc_community_big_house_1,
          grunt_orc_community_house_3, grunt_orc_community_house_2,
          grunt_orc_community_house_1, grunt_orc_community_house_1,
          grunt_orc_community_house_3, blackcustard_mines_bat_river

Skill      XL: |  1  2  3  4  5  6  7  8  9 10 11 12 13 14 |
---------------+-------------------------------------------+-----
Axes           | 3 4 5 6 8 10 11 13 15 16 17 18 | 18.0
Fighting       | 4 5 6 7 8 10 11 13 14 15 | 15.6
Armour         | 4 5 6 7 9 10 12 13 14 | 14.9
Shields        | 9 11 | 11.0
Dodging        | 4 6 8 10 12 | 12.0

Action                     |  1- 3 |  4- 6 |  7- 9 | 10-12 | 13-15 || total
---------------------------+-------+-------+-------+-------+-------++-------
  Melee: War axe           |    35 |    99 |   248 |   301 |       ||   683
         Headbutt          |     4 |    13 |    34 |    82 |   108 ||   241
         Broad axe         |       |       |       |   118 |   497 ||   615
 Invoke: Heroism           |       |       |       |     1 |     4 ||     5
         Receive Weapon    |       |       |       |     1 |       ||     1
         Receive Armour    |       |       |       |     1 |       ||     1
    Use: Scroll            |       |     3 |    15 |     5 |     9 ||    32
         Potion            |       |       |     2 |     2 |     3 ||     7
 Armour: Scale mail        |    33 |    32 |       |       |       ||    65
         Plate armour      |       |    47 |   280 |   311 |   248 ||   886
  Dodge: Dodged            |    26 |    40 |    66 |   113 |   115 ||   360
  Block: Buckler           |     8 |    20 |    70 |    68 |       ||   166
         Kite shield       |       |       |       |    97 |   267 ||   364
